 Dungeon Crawl Stone Soup version 0.22.1-1-ga44c0e5 (webtiles) character file.

4245 Folque the Fighter (level 10, 0/90 HPs)
             Began as a Minotaur Hunter on Oct 27, 2018.
             Was an Elder of Okawaru.
             Succumbed to a killer bee's poison
             ... on level 8 of the Dungeon.
             The game lasted 00:28:22 (6571 turns).

Folque the Fighter (Minotaur Hunter)                Turns: 6571, Time: 00:28:23

Health: 0/90       AC:  8    Str: 15    XL:     10   Next: 9%
Magic:  9/9        EV: 14    Int:  8    God:    Okawaru [****..]
Gold:   298        SH:  0    Dex: 13    Spells: 9/9 levels left

rFire    . . .     SeeInvis .   I - +5 falchion of Mayhem {slice, rPois Str-3 Stlth+}
rCold    . . .     Gourm    .   (no shield)
rNeg     . . .     Faith    .   m - +0 ring mail
rPois    +         Spirit   .   (helmet restricted)
rElec    .         Reflect  .   (no cloak)
rCorr    .         Harm     .   s - +0 pair of gloves
MR       .....                  (no boots)
Stlth    ++........             (no amulet)
HPRegen  0.25/turn              (no ring)
MPRegen  0.11/turn              (no ring)

@: lethally poisoned (0 -> -6), about to teleport, marked, very slightly
contaminated, hasted, invisible, very quick
A: retaliatory headbutt, horns 2
a: Heroism, Renounce Religion


You were on level 8 of the Dungeon.
You worshipped Okawaru.
Okawaru was greatly pleased with you.
You were hungry.

You visited 1 branch of the dungeon, and saw 8 of its levels.

You collected 298 gold pieces.

Inventory:

Hand Weapons
 b - a +0 short sword
 o - a +0 rapier
 p - a +2 dagger of electrocution
 q - a +2 hand crossbow
 r - a +1 dagger of electrocution
 w - a +2 dire flail of crushing
 z - a +2 flail of protection
 A - a +3 war axe
 I - the +5 falchion of Mayhem (weapon) {slice, rPois Str-3 Stlth+}
   (You found it on level 6 of the Dungeon)

   It inflicts extra damage upon your enemies.
   It affects your strength (-3).
   It protects you from poison.
   It makes you more stealthy.
Missiles
 d - 60 bolts
 k - 31 poisoned needles
Armour
 a - a +2 shield
 c - a +0 leather armour
 m - a +0 ring mail (worn)
 s - a +0 pair of gloves (worn)
 u - a cursed -1 robe
 G - a +2 large shield
 H - a +0 leather armour of positive energy
Wands
 g - a wand of digging (9)
 y - a wand of iceblast (6)
 C - a wand of polymorph (11)
Scrolls
 e - a scroll of magic mapping
 i - a scroll of enchant weapon
 n - 2 scrolls of remove curse
 x - a scroll of immolation
Potions
 h - 2 potions of agility
 j - 3 potions of brilliance
 l - a potion of haste
 B - 3 potions of magic
Comestibles
 f - 15 rations


   Skills:
 + Level 8.9 Fighting
 - Level 1.0 Short Blades
 * Level 7.9 Maces & Flails
 - Level 8.0 Crossbows
 * Level 7.5 Armour
 + Level 7.4 Dodging
 - Level 0.7 Stealth


You had 9 spell levels left.
You didn't know any spells.
Your spell library contained the following spells:

 Spells                   Type           Power        Failure   Level  Hunger
 Sandblast                Erth           #.....       61%         1    ##.....
 Passwall                 Tmut/Erth      #.......     75%         2    ###....
 Stone Arrow              Conj/Erth      #.....       93%         3    ####...
 Petrify                  Tmut/Erth      #.......     100%        4    #####..
 Lee's Rapid Deconstruct  Erth           #.........   100%        5    ######.


Dungeon Overview and Level Annotations

Branches:
Dungeon (8/15)             Temple (0/1) D:4
   Lair: D:8-11

Altars:
Elyvilon
Gozag
Kikubaaqudgha
Makhleb
Okawaru
Trog
Xom
The Shining One

Annotations:
D:3 2 transporters
D:8 Erica, Joseph


Innate Abilities, Weirdness & Mutations

You reflexively headbutt those who attack you in melee.
You have a pair of horns on your head.


Message History

You feel sick.
You feel sick.
Joseph shoots a sling bullet.
The sling bullet hits you!
* * * LOW HITPOINT WARNING * * *
You see here a sling bullet.
* * * LOW HITPOINT WARNING * * *
You feel sick.
The killer bee stings you but does no damage.
Okay, then.
As you read the scroll of teleportation, it crumbles to dust.
You feel strangely unstable. The killer bee closely misses you.
* * * LOW HITPOINT WARNING * * *
You feel sick.
Okay, then.
Okay, then.
Wield which item (- for none, * to show all)? (? for menu, Esc to quit)
I - the +5 falchion of Mayhem (weapon)
{slice, rPois Str-3 Stlth+} The killer bee stings you.
* * * LOW HITPOINT WARNING * * *
You miss the killer bee.
You die...

#y.# ##a## #).# #.#
#..## #y#
#..@#######.#
#####........##y#
##..>............#
###...##.######y####
#........# #y#
##.#...#### #@#
......## #.# ...####
#.# #### #.# ...<
#.# ###. ..# ###


You could see 2 killer bees.

Vanquished Creatures
  Harold (D:8)
  Pikel (D:6)
  Prince Ribbit (D:6)
  Grinder (D:6)
  A hippogriff (D:8)
  Sigmund (D:4)
  Eustachio (D:6)
  Edmund (D:4)
  A black bear (D:7)
  An ice beast (D:7)
  A sky beast (D:5)
  A slave (D:6)
  A phantom (D:7)
  An orc warrior (D:7)
  A necrophage (D:7)
  3 ogres
  4 bullfrogs
  A gnoll sergeant (D:7)
  A scorpion (D:7)
  A wyvern skeleton (D:7)
  3 killer bees (D:8)
  An electric eel (D:7)
  A crimson imp (D:7)
  A jelly (D:5)
  2 hounds
  2 orc priests
  An iguana (D:7)
  3 orc wizards
  A worker ant (D:6)
  2 hound skeletons
  2 worker ant zombies
  12 adders
  12 gnolls
  An ooze (D:2)
  An adder skeleton (D:4)
  6 worms
  2 dart slugs
  2 leopard geckos
  17 orcs
  3 giant cockroaches
  4 hobgoblins
  11 jackals
  3 quokkas
  A ball python (D:1)
  6 bats
  8 frilled lizards
  12 goblins
  4 kobolds
  7 rats
156 creatures vanquished.

Vanquished Creatures (others)
  Blork the orc (D:6)
  A quokka (D:2)
2 creatures vanquished.

Grand Total: 158 creatures vanquished

Notes
Turn   | Place    | Note
-------+----------+-------------------------------------------
     0 | D:1      | Folque the Minotaur Hunter began the quest for the Orb.
     0 | D:1      | Reached XP level 1. HP: 18/18 MP: 0/0
   264 | D:1      | Reached XP level 2. HP: 24/25 MP: 1/1
   281 | D:1      | Reached skill level 1 in Armour
   740 | D:1      | Reached skill level 5 in Crossbows
   741 | D:1      | Reached XP level 3. HP: 31/31 MP: 2/2
  1114 | D:2      | Reached XP level 4. HP: 30/38 MP: 3/3
  1685 | D:2      | Found a white marble altar of Elyvilon.
  1736 | D:2      | Reached skill level 1 in Short Blades
  1769 | D:2      | Found an iron altar of Okawaru.
  1959 | D:2      | Became a worshipper of Warmaster Okawaru
  2114 | D:3      | Found a burning altar of Makhleb.
  2114 | D:3      | Found a transporter.
  2116 | D:3      | Found a glowing golden altar of the Shining One.
  2119 | D:3      | Found a transporter.
  2262 | D:3      | Reached XP level 5. HP: 42/46 MP: 4/4
  2883 | D:4      | Found an opulent altar of Gozag.
  2918 | D:4      | Found a staircase to the Ecumenical Temple.
  3020 | D:4      | Reached XP level 6. HP: 53/53 MP: 5/5
  3101 | D:4      | Noticed Edmund
  3112 | D:4      | Killed Edmund
  3112 | D:4      | Reached * piety under Okawaru
  3139 | D:4      | Noticed Sigmund
  3146 | D:4      | Killed Sigmund
  3146 | D:4      | Reached skill level 5 in Fighting
  3146 | D:4      | Reached skill level 5 in Armour
  3146 | D:4      | Reached XP level 7. HP: 40/61 MP: 6/6
  3300 | D:5      | Entered Level 5 of the Dungeon
  3497 | D:5      | Reached skill level 1 in Maces & Flails
  3506 | D:5      | Reached ** piety under Okawaru
  3516 | D:5      | Found a shimmering altar of Xom.
  3714 | D:5      | Found an ancient bone altar of Kikubaaqudgha.
  4501 | D:6      | Noticed Prince Ribbit
  4597 | D:6      | Killed Prince Ribbit
  4597 | D:6      | Reached XP level 8. HP: 56/70 MP: 7/7
  4653 | D:6      | Noticed Eustachio
  4677 | D:6      | Killed Eustachio
  4677 | D:6      | Reached skill level 5 in Dodging
  4766 | D:6      | Got a smoking falchion
  4767 | D:6      | Identified the +5 falchion of Mayhem {slice, rPois Str-3
                  | Stlth+} (You found it on level 6 of the Dungeon)
  4789 | D:6      | Noticed Grinder
  4803 | D:6      | Killed Grinder
  4959 | D:6      | Reached *** piety under Okawaru
  5101 | D:6      | Noticed Pikel
  5112 | D:6      | Killed Pikel
  5112 | D:6      | Reached skill level 5 in Maces & Flails
  5112 | D:6      | Reached XP level 9. HP: 63/79 MP: 8/8
  5120 | D:6      | Noticed Blork the orc
  5137 | D:6      | Killed Blork the orc
  5418 | D:7      | Reached **** piety under Okawaru
  5962 | D:7      | Received a gift from Okawaru
  6363 | D:8      | Noticed Joseph
  6366 | D:8      | Noticed Erica
  6430 | D:8      | Found a bloodstained altar of Trog.
  6499 | D:8      | Noticed Harold
  6506 | D:8      | Paralysed by a gnoll for 3 turns
  6515 | D:8      | Killed Harold
  6533 | D:8      | Reached XP level 10. HP: 40/90 MP: 6/9
  6567 | D:8      | HP: 4/90 [poisoned by a killer bee]
  6570 | D:8      | HP: 1/90 [killer bee (3)]
  6571 | D:8      | Succumbed to a killer bee's poison

Skill      XL: |  1  2  3  4  5  6  7  8  9 |
---------------+----------------------------+-----
Armour         | 1 2 3 4 5 7 |  7.5
Fighting       | 3 4 5 6 7 8 |  8.9
Crossbows      | 5 6 7 8 |  8.0
Short Blades   | 1 |  1.0
Dodging        | 3 4 6 7 |  7.4
Maces & Flails | 3 5 7 |  7.9
Stealth        | |  0.7

Action                   |  1- 3 |  4- 6 |  7- 9 | 10-12 || total
-------------------------+-------+-------+-------+-------++-------
Melee: Short sword       |    58 |       |       |       ||    58
       Headbutt          |     8 |    12 |    22 |     4 ||    46
       Rapier            |    18 |    20 |       |       ||    38
       Dagger            |       |    40 |       |       ||    40
       War axe           |       |    16 |       |       ||    16
       Dire flail        |       |     5 |   130 |     9 ||   144
       Falchion          |       |       |       |     1 ||     1
 Fire: Hand crossbow     |    13 |    45 |   124 |       ||   182
Invok: Heroism           |       |       |     4 |       ||     4
  Use: Scroll            |       |     4 |    11 |     1 ||    16
       Potion            |       |       |       |     3 ||     3
 Stab: Sleeping          |     3 |       |       |       ||     3
  Eat: Chunk             |     1 |     6 |    10 |       ||    17
Armor: Leather armour    |    15 |    11 |       |       ||    26
       Ring mail         |       |    11 |    60 |     6 ||    77
Dodge: Dodged            |    45 |    45 |   100 |    26 ||   216
